 Dungeon Crawl Stone Soup version 0.23.2-40-g277498a001 (webtiles) character file.

Game seed: 16296326657606552855

697 Curus the Carver (level 7, -1/57 HPs)
             Began as a Minotaur Fighter on Oct 11, 2019.
             Was an Initiate of Okawaru.
             Slain by Pikel
             ... wielding a +2 whip of electrocution
              (15 damage)
             ... on level 5 of the Dungeon on Oct 12, 2019.
             The game lasted 00:16:55 (2817 turns).

Curus the Carver (Minotaur Fighter)                 Turns: 2817, Time: 00:16:55

Health: -1/57      AC: 10    Str: 20    XL:     7   Next: 38%
Magic:  15/15      EV:  7    Int:  7    God:    Okawaru [......]
Gold:   272        SH: 10    Dex: 10    Spells: 6/6 levels left

rFire    . . .     SeeInvis .   a - +0 long sword
rCold    . . .     Gourm    .   c - +1 shield
rNeg     . . .     Faith    .   b - +0 scale mail
rPois    .         Spirit   .   (helmet restricted)
rElec    .         Reflect  .   (no cloak)
rCorr    .         Harm     .   (no gloves)
MR       .....                  (no boots)
Stlth    ..........             k - amulet of regeneration
HPRegen  0.59/turn              j - ring of magical power
MPRegen  0.14/turn              (no ring)

@: very slightly contaminated
A: retaliatory headbutt, horns 2, iridescent scales 1, slimy green scales 1
a: Renounce Religion


You were on level 5 of the Dungeon.
You worshipped Okawaru.
Okawaru was noncommittal.
You were not hungry.

You visited 2 branches of the dungeon, and saw 6 of its levels.

You collected 272 gold pieces.

Inventory:

Hand Weapons
 a - a +0 long sword (weapon)
Armour
 b - a +0 scale mail (worn)
 c - a +1 shield (worn)
Jewellery
 j - a ring of magical power (left hand)
 k - an amulet of regeneration (around neck)
 m - a +6 amulet of reflection
Scrolls
 e - 2 scrolls of remove curse
 g - a scroll of teleportation
 l - 3 scrolls of identify
Potions
 d - a potion of might
 h - a potion of agility
 i - 2 potions of curing
 o - a potion of heal wounds
Comestibles
 f - 7 rations


   Skills:
 - Level 3.6 Fighting
 + Level 10.0 Long Blades
 - Level 3.6 Armour
 - Level 3.6 Shields


You had 6 spell levels left.
You didn't know any spells.
Your spell library was empty.

Dungeon Overview and Level Annotations

Branches:
Dungeon (5/15)             Temple (1/1) D:4

Altars:
Ashenzari
Cheibriados
Elyvilon
Fedhas
Hepliaklqana
Nemelex Xobeh
Okawaru
Ru
Sif Muna
Trog
Uskayaw
Vehumet
Wu Jian
Xom
Yredelemnul
Zin
The Shining One

Annotations:
D:5 Pikel


Innate Abilities, Weirdness & Mutations

You reflexively headbutt those who attack you in melee.
You have a pair of horns on your head.
You are partially covered in iridescent scales. (AC +2)
You are partially covered in slimy green scales. (AC +2)


Message History

Pikel closely misses you.
You slash Pikel!
Pikel is severely wounded.
Pikel hits you but does no damage.
You are electrocuted!
You hit Pikel. Your headbutt misses Pikel.
Pikel is severely wounded.
Pikel closely misses you.
You hit Pikel.
Pikel is almost dead.
You block Pikel's attack.
You miss Pikel.
Pikel is almost dead.
Pikel hits you with a +2 whip of electrocution.
You are electrocuted!
You barely miss Pikel.
Pikel is almost dead.
Pikel hits you with a +2 whip of electrocution.
* * * LOW HITPOINT WARNING * * *
You are electrocuted!
You die...

...p..........[....#
.##................#
#?...............#
#...p..........†.###
#...pK.............####
##...............#.....
##....p##.....#.......
#####K##############.
#.@.# ## #.### ## #.
##. .. #.. ..# ######.#
### #......# #......#
#......# #......#


You could see Pikel and a slave.

Vanquished Creatures
  Sigmund (D:2)
  2 scorpions (D:4)
  A howler monkey (D:4)
  A bullfrog skeleton (D:4)
  An orc priest (D:4)
  2 orc wizards
  2 worker ants (D:4)
  Natasha (thrice) (D:2)
  Robin (D:2)
  7 adders
  2 oozes (D:2)
  An adder zombie (D:5)
  An adder skeleton (D:4)
  2 leopard geckos
  13 orcs
  9 bats
  4 giant cockroaches
  15 goblins
  8 hobgoblins
  A quokka (D:4)
  4 frilled lizards
  A giant cockroach zombie (D:5)
  3 kobolds (D:1)
  5 rats
90 creatures vanquished.

Notes
Turn   | Place    | Note
-------+----------+-------------------------------------------
     0 | D:1      | Curus the Minotaur Fighter began the quest for the Orb.
     0 | D:1      | Reached XP level 1. HP: 19/19 MP: 0/0
    90 | D:1      | Reached skill level 3 in Long Blades
   153 | D:1      | Reached XP level 2. HP: 26/26 MP: 1/1
   228 | D:1      | Gained mutation: You are partially covered in slimy green
                  | scales. (AC +2) [potion of mutation]
   228 | D:1      | Gained mutation: You are partially covered in iridescent
                  | scales. (AC +2) [potion of mutation]
   583 | D:2      | Noticed Natasha
   587 | D:2      | Killed Natasha
   587 | D:2      | Reached skill level 4 in Long Blades
   587 | D:2      | Reached XP level 3. HP: 31/31 MP: 2/2
   609 | D:2      | Noticed Natasha
   610 | D:2      | Noticed Robin
   615 | D:2      | Killed Natasha
   615 | D:2      | Reached skill level 5 in Long Blades
   615 | D:2      | Reached XP level 4. HP: 31/39 MP: 3/3
   626 | D:2      | Killed Robin
   646 | D:2      | Noticed Natasha
   650 | D:2      | Killed Natasha
   650 | D:2      | Reached skill level 6 in Long Blades
   949 | D:2      | Noticed Sigmund
   965 | D:2      | Killed Sigmund
   965 | D:2      | Reached skill level 7 in Long Blades
   965 | D:2      | Reached XP level 5. HP: 37/45 MP: 4/4
   965 | D:2      | Reached XP level 6. HP: 42/51 MP: 5/5
  1068 | D:2      | Found a deep blue altar of Sif Muna.
  1069 | D:2      | Found a white marble altar of Elyvilon.
  1115 | D:2      | Found a sparkling altar of Nemelex Xobeh.
  1494 | D:3      | Found a faded altar of an unknown god.
  1869 | D:3      | Found a hazy altar of Hepliaklqana.
  1870 | D:3      | Found a radiant altar of Vehumet.
  1870 | D:3      | Found a sacrificial altar of Ru.
  1895 | D:3      | Reached skill level 8 in Long Blades
  2030 | D:3      | Found a blossoming altar of Fedhas.
  2167 | D:4      | Reached skill level 9 in Long Blades
  2167 | D:4      | Reached XP level 7. HP: 34/57 MP: 6/6
  2426 | D:4      | Found a staircase to the Ecumenical Temple.
  2444 | Temple   | Entered the Ecumenical Temple
  2459 | Temple   | Became a worshipper of Warmaster Okawaru
  2756 | D:5      | Entered Level 5 of the Dungeon
  2782 | D:5      | Reached skill level 10 in Long Blades
  2799 | D:5      | Noticed Pikel
  2817 | D:5      | Slain by Pikel

Skill      XL: |  1  2  3  4  5  6  7 |
---------------+----------------------+-----
Long Blades    | 3 4 5 7 9 10 | 10.0
Fighting       | |  3.6
Armour         | |  3.6
Shields        | |  3.6

Action                   |  1- 3 |  4- 6 |  7- 9 || total
-------------------------+-------+-------+-------++-------
Melee: Long sword        |    34 |   135 |    78 ||   247
       Headbutt          |     4 |    20 |    10 ||    34
  Use: Scroll            |     3 |     3 |     2 ||     8
       Potion            |     2 |     5 |       ||     7
  Eat: Chunk             |       |     4 |     2 ||     6
Armor: Scale mail        |    10 |    61 |    34 ||   105
Dodge: Dodged            |    15 |    40 |    20 ||    75
Block: Shield            |    20 |    57 |    28 ||   105
       Rpst.: Long sword |     1 |    13 |     4 ||    18
